3A
CONNETQUOT CHIEFS @ IDAHO FALLS CHUKARS
08/02/2027
 
TOP OF THE 1ST
Connetquot Chiefs batting - Pitching for Idaho Falls Chukars : LHP Chico Landi
Pitching: LHP Chico Landi
Batting: RHB Júlio Flores 0-0: Ball
1-0: Swinging Strike
1-1: Ball
2-1: Ground out 6-3 (Groundball, 6S)
Batting: RHB Peter Geib 0-0: Swinging Strike
0-1: Ball
1-1: Foul Ball, location: 2F
1-2: Foul Ball, location: 2F
1-2: Strikes out swinging
Batting: RHB Creed Bratton 0-0: SINGLE (Line Drive, 56)
Batting: RHB Felipe Córdova 0-0: Called Strike
0-1: Called Strike
0-2: Foul Ball, location: 2F
0-2: Ball
1-2: Ball
Wild Pitch!
Creed Bratton to second
2-2: Ball
3-2: Fly out, F8 (Flyball, 8RM)
Top of the 1st over - 0 run(s), 1 hit(s), 0 error(s), 1 left on base; Connetquot 0 - Idaho Falls 0
BOTTOM OF THE 1ST
Idaho Falls Chukars batting - Pitching for Connetquot Chiefs : RHP Jim Unknown
Pitching: RHP Jim Unknown
Batting: SHB José López 0-0: Called Strike
0-1: Foul Ball, location: 2F
0-2: Ball
1-2: Ball
2-2: SINGLE (Line Drive, 34D)
Batting: RHB Alexandre Keeping 0-0: Ball
José López is caught stealing 2nd base
1-0: Ball
2-0: Called Strike
2-1: SINGLE (Line Drive, 8LS)
Batting: SHB Félix Medina 0-0: Ball
1-0: SINGLE (Line Drive, 8LS)
Alexandre Keeping to second
Batting: RHB Scott Ramsey 0-0: Ball
1-0: Ball
2-0: Ball
3-0: Grounds into double play, 6-4-3 (Groundball, 6)
Bottom of the 1st over - 0 run(s), 3 hit(s), 0 error(s), 1 left on base; Connetquot 0 - Idaho Falls 0
TOP OF THE 2ND
Connetquot Chiefs batting - Pitching for Idaho Falls Chukars : LHP Chico Landi
Batting: RHB Carlos Flores 0-0: Ball
1-0: Ball
2-0: Ball
3-0: Base on Balls
Batting: RHB Steve Orwig 0-0: Called Strike
0-1: Called Strike
0-2: Foul Ball, location: 2F
0-2: Strikes out swinging
Batting: RHB Gioacchino Basaglia 0-0: Foul Ball, location: 2F
0-1: Ball
1-1: Ball
2-1: Swinging Strike
2-2: Strikes out swinging
Batting: RHB Jim Unknown 0-0: Fly out, F8 (Flyball, 8RS)
Top of the 2nd over - 0 run(s), 0 hit(s), 0 error(s), 1 left on base; Connetquot 0 - Idaho Falls 0
BOTTOM OF THE 2ND
Idaho Falls Chukars batting - Pitching for Connetquot Chiefs : RHP Jim Unknown
Batting: SHB Jorge Colón 0-0: Called Strike
0-1: Ball
1-1: Ball
2-1: Foul Ball, location: 2F
2-2: Ball
3-2: Ground out 3-1 (Groundball, 34)
Batting: SHB Shiki Sanu 0-0: Called Strike
0-1: Foul Ball, location: 2F
0-2: Ball
1-2: Foul Ball, location: 2F
1-2: Strikes out looking
Batting: RHB Ilkka Haapajarvi 0-0: Ball
1-0: Foul Ball, location: 2F
1-1: Ball
2-1: Foul Ball, location: 2F
2-2: Foul Ball, location: 2F
2-2: Foul Ball, location: 2F
2-2: Ball
3-2: Foul Ball, location: 2F
3-2: Strikes out looking
Bottom of the 2nd over - 0 run(s), 0 hit(s), 0 error(s), 0 left on base; Connetquot 0 - Idaho Falls 0
TOP OF THE 3RD
Connetquot Chiefs batting - Pitching for Idaho Falls Chukars : LHP Chico Landi
Batting: RHB Jon Osterman 0-0: Called Strike
0-1: Ball
1-1: Ball
2-1: Ball
3-1: SINGLE (Line Drive, 6D)
Batting: RHB Júlio Flores 0-0: Called Strike
0-1: Ball
1-1: Ball
2-1: Swinging Strike
2-2: Strikes out swinging
Batting: RHB Peter Geib 0-0: Foul Ball, location: 2F
0-1: Ball
1-1: Foul Ball, location: 2F
1-2: Ball
2-2: Foul Ball, location: 2F
2-2: SINGLE (Line Drive, 7LM)
Jon Osterman to second
Batting: RHB Creed Bratton 0-0: Ball
1-0: SINGLE (Groundball, 6M) (infield hit)
Jon Osterman to third
Peter Geib to second
Batting: RHB Felipe Córdova 0-0: Ball
1-0: Grounds into double play, 6-4-3 (Groundball, 6)
Top of the 3rd over - 0 run(s), 3 hit(s), 0 error(s), 2 left on base; Connetquot 0 - Idaho Falls 0
BOTTOM OF THE 3RD
Idaho Falls Chukars batting - Pitching for Connetquot Chiefs : RHP Jim Unknown
Batting: LHB Jérôme Masson 0-0: Called Strike
0-1: SINGLE (Flyball, 7LS)
Batting: SHB Jesús Román 0-0: Called Strike
0-1: SINGLE (Groundball, 15S) (infield hit)
Jérôme Masson to second
Batting: SHB José López 0-0: Called Strike
0-1: Called Strike
0-2: Ball
1-2: Foul Ball, location: 2F
1-2: Strikes out swinging
Batting: RHB Alexandre Keeping 0-0: Ball
1-0: Swinging Strike
1-1: Swinging Strike
1-2: Ball
2-2: Ball
3-2: Ground out 3-1 (Groundball, 3S)
Jérôme Masson to third
Jesús Román to second
Batting: SHB Félix Medina 0-0: Ball
1-0: Ball
2-0: Ball
3-0: Called Strike
3-1: Base on Balls
Batting: RHB Scott Ramsey 0-0: Foul Ball, location: 2F
0-1: Foul Ball, location: 2F
0-2: DOUBLE (Line Drive, 7LM)
Jérôme Masson scores
Jesús Román scores
Félix Medina to third
Runner from 3rd tries for Home, SAFE, no throw
Batting: SHB Jorge Colón 0-0: Called Strike
0-1: Ball
1-1: Called Strike
1-2: SINGLE (Groundball, 4D)
Scott Ramsey to third
Runner from 3rd tries for Home, SAFE, no throw
Batting: SHB Shiki Sanu 0-0: Foul Ball, location: 2F
0-1: Foul Ball, location: 2F
0-2: Strikes out swinging
Bottom of the 3rd over - 4 run(s), 4 hit(s), 0 error(s), 1 left on base; Connetquot 0 - Idaho Falls 4
TOP OF THE 4TH
Connetquot Chiefs batting - Pitching for Idaho Falls Chukars : LHP Chico Landi
Batting: RHB Carlos Flores 0-0: Called Strike
0-1: Foul Ball, location: 2F
0-2: Ball
1-2: Strikes out swinging
Batting: RHB Steve Orwig 0-0: Ball
1-0: Ball
2-0: Foul Ball, location: 2F
2-1: Foul Ball, location: 2F
2-2: Ball
3-2: Strikes out swinging
Batting: RHB Gioacchino Basaglia 0-0: Foul Ball, location: 2F
0-1: Ball
1-1: Swinging Strike
1-2: Ball
2-2: Ball
3-2: Strikes out swinging
Top of the 4th over - 0 run(s), 0 hit(s), 0 error(s), 0 left on base; Connetquot 0 - Idaho Falls 4
BOTTOM OF THE 4TH
Idaho Falls Chukars batting - Pitching for Connetquot Chiefs : RHP Jim Unknown
Batting: RHB Ilkka Haapajarvi 0-0: Ball
1-0: Called Strike
1-1: Called Strike
1-2: Fly out, F7 (Line Drive, 7LM)
Batting: LHB Jérôme Masson 0-0: Ball
1-0: Fly out, F9 (Line Drive, 89D)
Batting: SHB Jesús Román 0-0: Called Strike
0-1: Ball
1-1: Ball
2-1: Ball
3-1: Foul Ball, location: 2F
3-2: Foul Ball, location: 2F
3-2: Base on Balls
Batting: SHB José López 0-0: Ball
1-0: Ball
2-0: Foul Ball, location: 2F
2-1: SINGLE (Flyball, 8RS)
Jesús Román to second
Batting: RHB Alexandre Keeping 0-0: Called Strike
José López steals 2nd base
Jesús Román to third
0-1: Ball
1-1: Ball
2-1: Foul Ball, location: 2F
2-2: Strikes out swinging
Bottom of the 4th over - 0 run(s), 1 hit(s), 0 error(s), 2 left on base; Connetquot 0 - Idaho Falls 4
TOP OF THE 5TH
Connetquot Chiefs batting - Pitching for Idaho Falls Chukars : LHP Chico Landi
Batting: RHB Jim Unknown 0-0: Fly out, F7 (Flyball, 7S)
Batting: RHB Jon Osterman 0-0: Ball
1-0: Foul Ball, location: 2F
1-1: Swinging Strike
1-2: Foul Ball, location: 2F
1-2: Ball
2-2: Ball
3-2: Foul Ball, location: 2F
3-2: Foul Ball, location: 2F
3-2: SINGLE (Groundball, 56D)
Batting: RHB Júlio Flores 0-0: Called Strike
0-1: Ball
1-1: Swinging Strike
1-2: Ball
2-2: Strikes out swinging
Batting: RHB Peter Geib 0-0: Called Strike
Jon Osterman is caught stealing 2nd base
Top of the 5th over - 0 run(s), 1 hit(s), 0 error(s), 0 left on base; Connetquot 0 - Idaho Falls 4
BOTTOM OF THE 5TH
Idaho Falls Chukars batting - Pitching for Connetquot Chiefs : RHP Jim Unknown
Batting: SHB Félix Medina 0-0: Ball
1-0: Ball
2-0: Called Strike
2-1: SINGLE (Groundball, 4MD)
Batting: RHB Scott Ramsey 0-0: Ball
Félix Medina steals 2nd base
1-0: Ball
2-0: Called Strike
2-1: Ball
3-1: Foul Ball, location: 2F
3-2: Fly out, F5 (Line Drive, 5)
Batting: SHB Jorge Colón 0-0: Foul Ball, location: 2F
0-1: Ball
1-1: Called Strike
Félix Medina is caught stealing 3rd base
1-2: Strikes out swinging
Bottom of the 5th over - 0 run(s), 1 hit(s), 0 error(s), 0 left on base; Connetquot 0 - Idaho Falls 4
TOP OF THE 6TH
Connetquot Chiefs batting - Pitching for Idaho Falls Chukars : LHP Chico Landi
Batting: RHB Peter Geib 0-0: Ground out 5-3 (Groundball, 5)
Batting: RHB Creed Bratton 0-0: Swinging Strike
0-1: Ball
1-1: Called Strike
1-2: Strikes out looking
Batting: RHB Felipe Córdova 0-0: Ball
1-0: Ball
2-0: Reached via error on a dropped throw, E1
Pitching: RHP Juan Rúbio
Batting: RHB Carlos Flores 0-0: Called Strike
Throwing error on steal attempt, E2
Felipe Córdova to third
0-1: Ball
1-1: Ball
2-1: Foul Ball, location: 2F
2-2: Ball
3-2: Base on Balls
Batting: RHB Steve Orwig 0-0: Ball
1-0: Called Strike
1-1: Swinging Strike
1-2: Fly out, F9 (Flyball, 9LS)
Top of the 6th over - 0 run(s), 0 hit(s), 2 error(s), 2 left on base; Connetquot 0 - Idaho Falls 4
BOTTOM OF THE 6TH
Idaho Falls Chukars batting - Pitching for Connetquot Chiefs : RHP Jim Unknown
Batting: SHB Shiki Sanu 0-0: Ball
1-0: Called Strike
1-1: Swinging Strike
1-2: Strikes out swinging, 2-3 out at first.
Batting: RHB Ilkka Haapajarvi 0-0: Ball
1-0: Fly out, F7 (Line Drive, 7S)
Batting: LHB Jérôme Masson 0-0: SINGLE (Line Drive, 56D)
Batting: SHB Jesús Román 0-0: Ball
Wild Pitch!
Jérôme Masson to second
1-0: Foul Ball, location: 2F
1-1: Ball
2-1: Ball
3-1: Base on Balls
Pitching: RHP Carlos Bernard
Batting: SHB José López 0-0: Called Strike
0-1: Ball
1-1: Ball
2-1: Ball
3-1: SINGLE (Groundball, 4) (infield hit)
Jérôme Masson to third
Jesús Román to second
Batting: RHB Alexandre Keeping 0-0: Called Strike
0-1: Ball
1-1: Swinging Strike
1-2: Ball
Passed Ball!
Jérôme Masson scores
Jesús Román to third
José López to second
2-2: Ball
3-2: Foul Ball, location: 2F
3-2: Hit by Pitch
Batting: SHB Félix Medina 0-0: Called Strike
0-1: Called Strike
0-2: Ball
1-2: Strikes out swinging
Bottom of the 6th over - 1 run(s), 2 hit(s), 0 error(s), 3 left on base; Connetquot 0 - Idaho Falls 5
TOP OF THE 7TH
Connetquot Chiefs batting - Pitching for Idaho Falls Chukars : RHP Juan Rúbio
Batting: RHB Gioacchino Basaglia 0-0: Swinging Strike
0-1: Foul Ball, location: 2F
0-2: Ball
1-2: Ball
2-2: Strikes out looking
Batting: RHB Jim Unknown 0-0: Called Strike
0-1: Ball
1-1: Ground out 4-3 (Groundball, 4M)
Batting: RHB Jon Osterman 0-0: Foul Ball, location: 2F
0-1: Called Strike
0-2: Strikes out swinging
Top of the 7th over - 0 run(s), 0 hit(s), 0 error(s), 0 left on base; Connetquot 0 - Idaho Falls 5
BOTTOM OF THE 7TH
Idaho Falls Chukars batting - Pitching for Connetquot Chiefs : RHP Carlos Bernard
Batting: RHB Scott Ramsey 0-0: Ball
1-0: DOUBLE (Flyball, 8LD)
Batting: SHB Jorge Colón 0-0: Fly out, F8 (Flyball, 8RM)
Batting: SHB Shiki Sanu 0-0: Ball
1-0: Called Strike
1-1: Swinging Strike
1-2: Strikes out swinging
Batting: RHB Ilkka Haapajarvi 0-0: Ball
1-0: Swinging Strike
1-1: Foul Ball, location: 2F
1-2: Ball
2-2: Strikes out looking
Bottom of the 7th over - 0 run(s), 1 hit(s), 0 error(s), 1 left on base; Connetquot 0 - Idaho Falls 5
TOP OF THE 8TH
Connetquot Chiefs batting - Pitching for Idaho Falls Chukars : RHP Juan Rúbio
Now at C: Jonah Cooney
Batting: RHB Júlio Flores 0-0: Foul Ball, location: 2F
0-1: Swinging Strike
0-2: Foul Ball, location: 2F
0-2: Strikes out swinging
Batting: RHB Peter Geib 0-0: Ball
1-0: Fly out, F8 (Flyball, 8RM)
Batting: RHB Creed Bratton 0-0: Called Strike
0-1: Called Strike
0-2: Strikes out swinging
Top of the 8th over - 0 run(s), 0 hit(s), 0 error(s), 0 left on base; Connetquot 0 - Idaho Falls 5
BOTTOM OF THE 8TH
Idaho Falls Chukars batting - Pitching for Connetquot Chiefs : RHP Carlos Bernard
Batting: LHB Jérôme Masson 0-0: Called Strike
0-1: Ball
1-1: Ball
2-1: Ground out 6-3 (Groundball, 6)
Batting: SHB Jesús Román 0-0: Called Strike
0-1: Called Strike
0-2: Ball
1-2: Strikes out looking
Batting: SHB José López 0-0: Called Strike
0-1: Ball
1-1: Ball
2-1: Fly out, F9 (Flyball, 9LMF)
Bottom of the 8th over - 0 run(s), 0 hit(s), 0 error(s), 0 left on base; Connetquot 0 - Idaho Falls 5
TOP OF THE 9TH
Connetquot Chiefs batting - Pitching for Idaho Falls Chukars : RHP Juan Rúbio
Batting: RHB Felipe Córdova 0-0: Ball
1-0: Reached on error, E3 (Groundball, 3L)
Batting: RHB Carlos Flores 0-0: Called Strike
0-1: Ball
1-1: Ball
2-1: SINGLE (Flyball, 89S)
Felipe Córdova to second
Runner from 2nd tries for 3rd, SAFE, throw made to third
Carlos Flores to second
Batting: RHB Steve Orwig 0-0: Swinging Strike
0-1: Ground out 6-3 (Groundball, 6)
Felipe Córdova scores
Batting: RHB Gioacchino Basaglia 0-0: Foul Ball, location: 2F
0-1: DOUBLE (Flyball, 7D)
Carlos Flores scores
Pitching: RHP Claudio Palma
Batting: RHB Jim Unknown 0-0: Foul Ball, location: 2F
0-1: 2-RUN HOME RUN (Flyball, 7D), Distance : 396 ft
Batting: RHB Jon Osterman 0-0: SINGLE (Line Drive, 4M)
Batting: RHB Júlio Flores 0-0: Ball
1-0: Foul Ball, location: 2F
1-1: Called Strike
1-2: Strikes out swinging
Pinch Hitting: LHB Jim Unknown 0-0: Ball
1-0: Fly out, F9 (Flyball, 9D)
Top of the 9th over - 4 run(s), 4 hit(s), 1 error(s), 1 left on base; Connetquot 4 - Idaho Falls 5
Saturday, May 26th, 2018 - OOTP Baseball 17.12 Build 75